 Dungeon Crawl Stone Soup version 0.21.1-1-g345015fe64 (webtiles) character file.

37 Brecoman the Sneak (level 3, -1/27 HPs)
             Began as a Vampire Assassin on June 18, 2018.
             Slain by an adder (2 damage)
             ... on level 2 of the Dungeon.
             The game lasted 00:11:02 (1046 turns).

Brecoman the Sneak (Vampire Assassin)               Turns: 1046, Time: 00:11:03

Health: -1/27      AC:  3    Str: 10    XL:     3   Next: 21%
Magic:  3/3        EV: 12    Int: 13    God:
Gold:   92         SH:  0    Dex: 16    Spells: 2/2 levels left

rFire    . . .     SeeInvis +   a - +2 dagger
rCold    . . .     Gourm    .   (no shield)
rNeg     . . .     Faith    .   c - +0 robe
rPois    .         Spirit   .   (no helmet)
rElec    .         Reflect  .   d - +0 cloak
rCorr    .         Harm     .   (no gloves)
MR       .....                  (no boots)
Stlth    ++++......             (no amulet)
HPRegen  0.29/turn              (no ring)
MPRegen  0.08/turn              (no ring)

@: lethally poisoned (-1 -> -6), regenerating quickly
A: fangs 3, see invisible, unbreathing
a: no special abilities


You were on level 2 of the Dungeon.
You were full.

You visited 1 branch of the dungeon, and saw 2 of its levels.

You collected 92 gold pieces.

Inventory:

Hand Weapons
 a - a +2 dagger (weapon)
 b - a +0 blowgun
 l - a +0 dagger
Missiles
 e - 8 poisoned needles
 f - 2 curare-tipped needles
 m - 44 stones (quivered)
 o - 3 javelins of penetration
Armour
 c - a +0 robe (worn)
 d - a +0 cloak (worn)
Jewellery
 n - an uncursed ring of poison resistance {unknown}
Potions
 g - 3 potions of blood
 h - a potion of invisibility
 i - a potion of brilliance {unknown}
 j - a potion of resistance {unknown}
 k - a potion of curing {unknown}


   Skills:
 - Level 2.0 Fighting
 * Level 2.8 Short Blades
 - Level 1.6 Throwing
 - Level 1.2 Dodging
 + Level 6.9 Stealth


You had 2 spell levels left.
You didn't know any spells.

Dungeon Overview and Level Annotations

Branches:
Dungeon (2/15)

Altars:


Innate Abilities, Weirdness & Mutations

Your natural rate of healing is unusually fast.
You have razor-sharp teeth.
You have supernaturally acute eyesight. (SInv)
You can survive without breathing.


Message History

The bat completely misses you.
Yummy - fresh blood!
* * * LOW HITPOINT WARNING * * *
You feel sick. The bat misses you. The adder bites you.
* * * LOW HITPOINT WARNING * * *
You are more poisoned.
The adder poisons you! The adder misses you.
Yummy - fresh blood!
Your blood-filled body can't sustain your transformation.
Your transformation has ended.
Your +2 dagger unmelds from your body.
Your +0 cloak unmelds from your body.
Your +0 robe unmelds from your body.
* * * LOW HITPOINT WARNING * * *
You feel sick. The bat closely misses you. The bat hits you but does no damage.
The adder barely misses you.
You hit the adder but do no damage.
The adder is heavily wounded.
* * * LOW HITPOINT WARNING * * *
You feel sick. The bat barely misses you. The adder bites you.
You die...

############......#
###.................#
....##########......#
############ #......#
# #.....# #......#
#### #.....# #......#
...###.....# #.b....#
##...#.....#####.####
###.#.....##..S@...#
#.....#####.......#
###..########.....$.#
#......)...##.......#
#....<.....##.......#
#..........#.....####
#.###..##....#####
#.# #.## .#### ..#
... ##


You could see an adder and a bat.

Vanquished Creatures
  3 dart slugs (D:1)
  A leopard gecko (D:1)
  5 hobgoblins
  2 ball pythons (D:1)
  3 bats (D:1)
  2 frilled lizards (D:1)
  3 goblins (D:1)
  6 kobolds
  6 rats
31 creatures vanquished.

Notes
Turn   | Place    | Note
-------+----------+-------------------------------------------
     0 | D:1      | Brecoman the Vampire Assassin began the quest for the Orb.
     0 | D:1      | Reached XP level 1. HP: 16/16 MP: 1/1
    15 | D:1      | Reached skill level 6 in Stealth
   133 | D:1      | Reached XP level 2. HP: 19/22 MP: 2/2
   548 | D:1      | Reached XP level 3. HP: 23/27 MP: 3/3
  1045 | D:2      | HP: 1/27 [poisoned by an adder]
  1046 | D:2      | Slain by an adder

Skill      XL: |  1  2 |
---------------+-------+-----
Stealth        | 6 |  6.9
Fighting       | 2 |  2.0
Short Blades   | |  2.8
Throwing       | |  1.6
Dodging        | |  1.2

Action                   || total
-------------------------++-------
Melee: Dagger            ||    77
       Bite              ||    15
       Unarmed           ||    66
 Fire: Blowgun           ||     2
 Abil: Bat Form          ||     1
  Use: Potion            ||     5
 Stab: Sleeping          ||     4
Armor: Robe              ||     9
Dodge: Dodged            ||   133
